 Dungeon Crawl Stone Soup version 0.21-a0-84-g85d6d27 (webtiles) character file.

116 Kurtz the Cudgeler (level 4, -4/35 HPs)
             Began as a Mummy Abyssal Knight on July 4, 2017.
             Was a Believer of Lugonu.
             Killed from afar by an orc wizard (13 damage)
             ... with a puff of flame
             ... on level 3 of the Dungeon.
             The game lasted 00:05:51 (2371 turns).

Kurtz the Cudgeler (Mummy Abyssal Knight)           Turns: 2371, Time: 00:05:52

Health: -4/35      AC:  7    Str: 16    XL:     4   Next: 69%
Magic:  5/5        EV: 10    Int: 11    God:    Lugonu [**....]
Gold:   188        SH:  0    Dex: 11    Spells: 3/3 levels left

rFire    x . .     SeeInvis .   h - +0 flail
rCold    + . .     Gourm    .   (no shield)
rNeg     + + +     Faith    .   c - +0 ring mail
rPois    ∞         Spirit   .   (no helmet)
rElec    .         Reflect  .   (no cloak)
rCorr    .         Harm     .   (no gloves)
MR       .....                  e - +1 pair of boots {run} {boots of the necrontyr}
Stlth    +.........             d - amulet of magic regeneration
HPRegen  0.11/turn              (no ring)
MPRegen  0.34/turn              (no ring)

@: quick
A: no food or potions, fire vulnerability, cold resistance 1, negative energy
resistance 3, torment resistance, unbreathing
a: Depart the Abyss, Bend Space, Renounce Religion


You were on level 3 of the Dungeon.
You worshipped Lugonu.
Lugonu was pleased with you.
You were not hungry.

You visited 1 branch of the dungeon, and saw 3 of its levels.
You visited the Abyss 1 time.

You collected 188 gold pieces.

Inventory:

Hand Weapons
 a - a +1 mace
 h - a +0 flail (weapon)
Missiles
 i - 2 tomahawks (quivered)
Armour
 b - a +0 leather armour
 c - a +0 ring mail (worn)
 e - a +1 pair of boots of running (worn) {boots of the necrontyr}
Jewellery
 d - an amulet of magic regeneration (around neck)
Scrolls
 f - 4 scrolls of identify {unknown}
 g - a scroll of fog {unknown}
 j - a scroll of noise {unknown}
 k - a scroll of immolation {unknown}


   Skills:
 - Level 3.0 Fighting
 * Level 4.1 Maces & Flails
 - Level 1.5 Armour
 - Level 0.7 Dodging
 - Level 1.5 Invocations


You had 3 spell levels left.
You didn't know any spells.

Dungeon Overview and Level Annotations

Branches:
Dungeon (3/15)

Altars:

Annotations:
D:3 rogsnak's ghost, amateur DsEE


Innate Abilities, Weirdness & Mutations

You do not eat or drink.
Your flesh is vulnerable to fire.
You are immune to poison.
Your flesh is cold resistant. (rC+)
You are immune to negative energy. (rN+++)
You are immune to unholy pain and torment.
You can survive without breathing.


Message History

You hit something. Something completely misses you.
You barely miss something.
An orc wizard appears from thin air!
Reactivating autopickup.
The orc wizard closely misses you.
Unknown command.
You sock the orc wizard!
The orc wizard is almost dead.
The orc wizard gestures wildly while chanting.
The orc wizard flickers and vanishes!
Deactivating autopickup; reactivate with Ctrl-A.
You closely miss something.
Something hits you but does no damage. x2
Unknown command.
You hear some strange, mumbled words.
Something tries to affect you, but you resist.
Things that are here:
a dagger; an orc corpse Something tries to affect you, but you resist.
A puff of flame appears from out of thin air!
The puff of flame hits you! The fire burns you terribly!
You die...

#.#######.# #.#)..
#.##...##># #.#...
#......##.#######.....
####...##.#....%......
##.###.#.#####.....
#.# #.#.# ###... #<#
#.#.#######... #.#
#.#......###.# #@#
#...####.# .# #.#
###.# ##)###.# #.# #.#
#..<...# #)# #.#
#..#####
#.#####.###..#
#######{...........#
#..)..........####.#
#.############# #.#
#.# #.#


There were no monsters in sight!

Vanquished Creatures
  5 adders (D:2)
  3 worms (D:2)
  2 dart slugs
  2 leopard geckos
  8 orcs
  A giant cockroach (D:1)
  6 goblins
  4 hobgoblins
  A quokka (D:2)
  2 ball pythons
  5 bats
  3 frilled lizards (D:2)
  5 kobolds
  6 rats
  A fungus (D:1)
54 creatures vanquished.

Vanquished Creatures (others)
  2 starspawn tentacles (Abyss:1)
2 creatures vanquished.

Grand Total: 56 creatures vanquished

Notes
Turn   | Place    | Note
-------+----------+-------------------------------------------
     0 | Abyss:1  | Kurtz the Mummy Abyssal Knight began the quest for the Orb.
     0 | Abyss:1  | Reached XP level 1. HP: 18/18 MP: 2/2
    96 | Abyss:1  | Noticed a tentacled starspawn
   142 | Abyss:1  | Noticed a small abomination
   143 | Abyss:1  | Noticed a freezing wraith
   145 | D:1      | Escaped the Abyss
   254 | D:1      | Reached * piety under Lugonu
   254 | D:1      | Reached skill level 2 in Maces & Flails
   371 | D:1      | Reached XP level 2. HP: 23/24 MP: 3/3
   423 | D:1      | Identified a +1 pair of boots of running (You found it on level 1 of the Dungeon)
   909 | D:2      | Reached skill level 3 in Maces & Flails
   909 | D:2      | Reached XP level 3. HP: 13/29 MP: 4/4
  1543 | D:2      | Reached XP level 4. HP: 30/35 MP: 5/5
  1824 | D:3      | Noticed rogsnak's ghost (amateur DsEE)
  1853 | D:2      | Reached skill level 4 in Maces & Flails
  2106 | D:3      | Reached ** piety under Lugonu
  2371 | D:3      | Killed from afar by an orc wizard

Vault maps used:
D:1:      dpeg_arrival_water_altar, minmay_gold_behind_fungi,
          minmay_tree_intersection
D:2:      first_bread
D:3:      st_stairs_4

Skill      XL: |  1  2  3  4 |
---------------+-------------+-----
Maces & Flails | 2 3 4 |  4.1
Fighting       | |  3.0
Armour         | |  1.5
Dodging        | |  0.7
Invocations    | |  1.5

Action                   |  1- 3 |  4- 6 || total
-------------------------+-------+-------++-------
Melee: Mace              |   127 |    40 ||   167
       Flail             |       |    73 ||    73
Invok: Depart the Abyss  |     1 |       ||     1
Armor: Ring mail         |    68 |    62 ||   130
Dodge: Dodged            |    85 |    58 ||   143
